cohdb
Replays
Latest Replays
All Replays
Popular Replays
Top Player Replays
Match Explorer
How It Works
Community
CoH3 Stats
Reddit
Sign in to upload your games and track your stats! →
Sign in with Steam
Match 45517301
Unlisted
Match 45517301
Overview
Messages
Build Orders
End
Panzergrenadier Squad
Panzergrenadier Squad
250 Light Carrier
Construct Light Support Kompanie
Panzergrenadier Squad
Construct Mechanized Kompanie
Selects Italian Infantry
Selects Guastatori Squad
Selects Guastatori Squad
2.5-tonne Medical Truck
Guastatori Squad
Selects L6/40 Light Tank Combat Group
Selects Defensive Operations
Marder III Tank Destroyer
Panzerjäger Mechanized Group
Guastatori Squad
Selects Prepared Positions
2.5-tonne Medical Truck
Marder III Tank Destroyer
Selects Obice 305mm Barrage
Tungsten Core Ammunition
Obice 305mm Barrage
Construct Panzerarmee Kommand
Rezei
Piu-Piu Poko-Poko
Skull Throne
Kray-Tos
0
0
Comments
sign in to comment!
No comments posted yet!